 Dungeon Crawl Stone Soup version 0.32-a0-673-g3729bd50f8 (webtiles) character file.

Game seed: 2932268402498578328

30 Sabo the Charlatan (level 3, -7/26 HPs)
             Began as a Coglin Artificer on Mar 10, 2024.
             Mangled by a gnoll
             ... wielding a +0 halberd
              (12 damage)
             ... on level 2 of the Dungeon.
             The game lasted 00:04:56 (1013 turns).

Sabo the Charlatan (Coglin Artificer)               Turns: 1013, Time: 00:04:57

Health: -7/26      AC: 10    Str: 14    XL:     3   Next: 20%
Magic:  3/3        EV:  7    Int: 10    God:
Gold:   73         SH:  0    Dex: 14    Spells: 2/2 levels left

rFire   . . .        a - +0 club {Yejun}
rCold   . . .        f - +0 dagger {Hisae}
rNeg    . . .        m - +0 chain mail
rPois   .            (no helmet)
rElec   .            (no cloak)
rCorr   .            (no gloves)
SInv    .            h - +1 pair of boots {rampage}
Will    .....        (amulet unavailable) Stlth
                     (ring unavailable)
HPRegen 0.24/turn    (ring unavailable)
MPRegen 0.08/turn    (no gizmo)

%: rampage
@: revved
A: off-hand wielding, slow wielding, warmup strikes, no jewellery
a: Invent Gizmo


You were on level 2 of the Dungeon.
You visited 1 branch of the dungeon, and saw 2 of its levels.

You collected 73 gold pieces.

Inventory:

Hand Weapons
 a - a +0 club (weapon) {Yejun}
 f - a +0 dagger (offhand) {Hisae}
Armour
 h - a +1 pair of boots of rampaging (worn)
 m - a +0 chain mail (worn)
Wands
 c - a wand of flame (13) (quivered)
 d - a wand of charming (15)
 e - a wand of iceblast (5)
Scrolls
 i - a scroll of fear {unknown}
 j - a scroll of teleportation {unknown}
 k - a scroll of vulnerability {unknown}
 l - a scroll of identify {unknown}
Potions
 g - a potion of heal wounds {unknown}


   Skills:
 + Level 1.0 Fighting
 + Level 0.2 Short Blades
 + Level 0.2 Maces & Flails
 + Level 2.3 Armour
 + Level 0.8 Dodging
 + Level 1.1 Stealth
 + Level 4.7 Evocations


You had 2 spell levels left.
You didn't know any spells.
Your spell library contained the following spells:

 Spells                   Type           Power      Damage    Failure   Level
 Sting                    Conj/Alch      0%         1d3       100%        1
 Mercury Vapours          Alch/Air       0%         N/A       100%        2
 Olgreb's Toxic Radiance  Alch           0%         N/A       100%        4


Dungeon Overview and Level Annotations

Branches:
Dungeon (2/15)

Altars:


Innate Abilities, Weirdness & Mutations

You can wield a second weapon in your off-hand.
It takes a long time for you to wield or remove held weapons.
Your first few attacks do less damage.
You cannot equip rings or amulets.


Message History

The puff of flame hits the adder!
You kill the adder!
You have reached level 3!
Your experience leads to an increase in your attributes!
Increase (S)trength, (I)ntelligence, or (D)exterity?
You feel stronger. x2
Your brain swirls with designs for a neodymium georamjet.
You just need some more time...
You barely miss the gnoll with your +0 club.
The gnoll is lightly wounded.
You hit the gnoll with your +0 dagger. The gnoll hits you but does no damage.
The gnoll closely misses you.
You hit the gnoll but do no damage.
The gnoll is moderately wounded.
You hit the gnoll with your +0 dagger. The gnoll hits you but does no damage.
The gnoll hits you from afar with a +0 halberd.
The gnoll hits you but does no damage. The gnoll barely misses you.
You closely miss the gnoll with your +0 club.
The gnoll is heavily wounded.
You hit the gnoll but do no damage. The gnoll hits you with a +0 club.
The gnoll barely misses you.
You barely miss the gnoll with your +0 dagger.
The gnoll is heavily wounded.
You hit the gnoll but do no damage. The gnoll barely misses you.
The gnoll hits you with a +0 club.
You hit the gnoll but do no damage.
The gnoll is heavily wounded.
You hit the gnoll but do no damage. The gnoll hits you but does no damage.
The gnoll barely misses you.
You hit the gnoll but do no damage.
The gnoll is heavily wounded.
You hit the gnoll but do no damage.
A gnoll comes into view. It is wielding a +0 club.
The gnoll barely misses you.
The gnoll hits you from afar with a +0 halberd.
You completely miss the gnoll with your +0 dagger.
The gnoll is heavily wounded.
You hit the gnoll but do no damage. The gnoll hits you with a +0 club.
* * * LOW HITPOINT WARNING * * *
The gnoll hits you from afar with a +0 halberd!
You die...

#......#
#.#....#
#......#
#......#
#......# ##
#.###.###....
#.....)......
#####.###....
#@# . #g# #g#
#.# #g# ...
... ...


You could see 3 gnolls.

Vanquished Creatures
  An adder (D:2)
  5 ball pythons (D:1)
  3 endoplasms (D:1)
  2 goblins (D:1)
  4 hobgoblins
  3 bats (D:1)
  2 rats (D:1)
20 creatures vanquished.

Notes
Turn   | Place    | Note
-------+----------+-------------------------------------------
     0 | D:1      | Sabo the Coglin Artificer began the quest for the Orb.
     0 | D:1      | Reached XP level 1. HP: 15/15 MP: 1/1
   197 | D:1      | Reached skill level 1 in Stealth
   301 | D:1      | Reached XP level 2. HP: 20/21 MP: 2/2
  1007 | D:2      | Reached XP level 3. HP: 24/26 MP: 3/3
  1013 | D:2      | Mangled by a gnoll

Illustrated notes

Levels and vault maps discovered:
D:1:      amcnicky_arrival_feature_with_door, layout_loops_corners
D:2:      minmay_recursive_quarters, layout_basic

Skill      XL: |  1  2 |
---------------+-------+-----
Stealth        | 1 |  1.1
Armour         | 2 |  2.3
Fighting       | |  1.0
Short Blades   | |  0.2
Maces & Flails | |  0.2
Dodging        | |  0.8
Evocations     | |  4.7

Action                     || total
---------------------------++-------
  Melee: Dagger            ||    59
         Club              ||    54
  Evoke: Wand              ||     2
   Stab: Sleeping          ||     1
 Armour: Leather armour    ||    40
         Chain mail        ||    22
  Dodge: Dodged            ||    35

Table legend: (Time is in decaauts)
 A = Elapsed time spent in this place.
 B = Non-inter-level travel time spent in this place.
 C = Inter-level travel time spent in this place.
 D = Time resting spent in this place.
 E = Time spent auto-exploring this place.
 F = Levels seen in this place.
 G = Mean time per level.
                   A        B        C        D        E       F      G
               +--------+--------+--------+--------+--------+-----+--------+
         Total |   1021 |   1021 |      0 |     56 |      0 |   2 |  510.5 |
       Dungeon |   1021 |   1021 |      0 |     56 |      0 |   2 |  510.5 |
               +--------+--------+--------+--------+--------+-----+--------+

Top non-repeatable levels by time:
     D:1: 985 daAuts
     D:2: 36 daAuts
